 Dungeon Crawl Stone Soup version 0.19.1-1-g22dce08 (webtiles) character file.

97 galech the Shield-Bearer (level 5, 0/42 HPs)
             Began as a Formicid Fighter on Jan 6, 2017.
             Succumbed to a goblin's poison
             ... on level 3 of the Dungeon.
             The game lasted 00:03:53 (2244 turns).

galech the Shield-Bearer (Formicid Fighter)         Turns: 2244, Time: 00:03:54

Health: 0/42       AC:  7    Str: 21    XL:     5   Next: 0%
Magic:  5/5        EV:  8    Int:  8    God:
Gold:   67         SH:  9    Dex: 10    Spells: 0 memorised, 4 levels left

rFire  . . .     SeeInvis +     a - +0 flail
rCold  . . .     Gourm    .     b - +0 scale mail
rNeg   . . .     Faith    .     c - +0 shield
rPois  .         Spirit   .     (helmet unavailable)
rElec  .         Reflect  .     (no cloak)
rCorr  .         Harm     .     (no gloves)
MR     .....                    (no boots)
Stlth  ..........               (no amulet)
                                (no ring)
                                (no ring)

@: lethally poisoned (0 -> -38)
A: permanent stasis, dig shafts and tunnels, four strong arms, antennae 3
a: Dig, Shaft Self


You were on level 3 of the Dungeon.
You were hungry.

You visited 1 branch of the dungeon, and saw 3 of its levels.

You collected 67 gold pieces.

Inventory:

Hand Weapons
 a - a +0 flail (weapon)
Armour
 b - a +0 scale mail (worn)
 c - a +0 shield (worn)
Jewellery
 n - a +6 ring of dexterity {unknown}
Scrolls
 h - 2 scrolls of teleportation {unknown}
 i - a scroll of blinking {unknown}
 j - a scroll of fear {unknown}
 l - a scroll of amnesia {unknown}
 o - a scroll of random uselessness {unknown}
 q - a scroll of enchant armour {unknown}
 s - a scroll of immolation {unknown}
 t - a scroll of recharging {unknown}
 u - a scroll of remove curse {unknown}
 y - a scroll of fog {unknown}
 z - a scroll of identify {unknown}
Potions
 d - a potion of might
 e - 2 potions of agility {unknown}
 g - 2 potions of curing {unknown}
 k - a potion of lignification {unknown}
 r - a potion of ambrosia {unknown}
 x - a potion of mutation {unknown}
Comestibles
 f - 5 bread rations
 m - 2 royal jellies
 p - 5 fruits
 v - a beef jerky
 w - 6 chunks of flesh


   Skills:
 + Level 3.8 Fighting
 + Level 3.0 Maces & Flails
 + Level 3.8 Armour
 + Level 0.8 Dodging
 + Level 4.4 Shields


You had 4 spell levels left.
You didn't know any spells.

Dungeon Overview and Level Annotations

Branches:
Dungeon (3/15)

Altars:

Annotations:
D:3 Robin


Innate Abilities, Weirdness & Mutations

You are under a permanent stasis effect.
You can dig through walls and to a lower floor.
Your four strong arms can wield two-handed weapons with a shield.
You have a pair of large antennae on your head. (SInv)


Message History

You kill the goblin!
You feel sick.
The goblin shoots a stone.
The stone barely misses you.
The stone barely misses the goblin.
The goblin hits you but does no damage.
You are more poisoned.
You barely miss the goblin.
* * * LOW HITPOINT WARNING * * *
You feel very sick.
The goblin shoots a stone.
The stone barely misses you.
The stone misses the goblin.
Robin throws the goblin at you!
* * * LOW HITPOINT WARNING * * *
The goblin hits you with a dagger of venom.
* * * LOW HITPOINT WARNING * * *
You are more poisoned.
The goblin hits you but does no damage.
You are too injured to fight recklessly!
You sock the goblin!
You kill the goblin!
You have reached level 5!
You are feeling hungry.
You die...

.# #####.##### .# #.#
#.# .# #.# ... ### #+#
#.# ..# ... #.# #># ....
### #.# #.# .....
##.###.# ..##
....gg####...##.########
....
.....ggg@)...(...>......
..##
.....g####...##.########
#.# ..... ##.###.# ..#
g... ### #.# ### ... #.#
#+# #####.## #.#
#......# #######
#.###### #.###.##
......###.##...## #.#
###


You could see Robin, a hobgoblin and 4 goblins.

Vanquished Creatures
  3 adders
  3 dart slugs
  2 leopard geckos
  A ball python (D:3)
  3 bats (D:1)
  5 giant cockroaches
  8 hobgoblins
  A quokka (D:2)
  4 frilled lizards
  11 goblins
  9 kobolds (D:1)
  5 rats
55 creatures vanquished.

Notes
Turn   | Place    | Note
-------+----------+-------------------------------------------
     0 | D:1      | galech the Formicid Fighter began the quest for the Orb.
     0 | D:1      | Reached XP level 1. HP: 18/18 MP: 1/1
    99 | D:1      | Reached XP level 2. HP: 24/24 MP: 2/2
   351 | D:1      | Reached XP level 3. HP: 30/30 MP: 3/3
  1018 | D:2      | Reached skill level 4 in Shields
  1138 | D:2      | Reached XP level 4. HP: 23/37 MP: 4/4
  2225 | D:3      | Noticed Robin
  2244 | D:3      | Reached XP level 5. HP: 4/42 MP: 5/5
  2244 | D:3      | Succumbed to a goblin's poison

Skill      XL: |  1  2  3  4 |
---------------+-------------+-----
Shields        | 4 |  4.4
Maces & Flails | 3 |  3.0
Fighting       | |  3.8
Armour         | |  3.8
Dodging        | |  0.8

Action                   |  1- 3 |  4- 6 || total
-------------------------+-------+-------++-------
Melee: Flail             |   112 |    54 ||   166
  Eat: Chunk             |     1 |     3 ||     4
Armor: Scale mail        |    43 |    18 ||    61
Dodge: Dodged            |    37 |    17 ||    54
Block: Shield            |    57 |    29 ||    86
